 Dungeon Crawl Stone Soup version 0.24.0-37-gcf1ca852f1 (webtiles) character file.

Game seed: 17689959737070118539, levelgen mode: deterministic

122000 Mrkan the Warrior (level 16, -6/150 HPs)
             Began as a Minotaur Fighter on Nov 26, 2019.
             Was the Champion of Makhleb.
             Mangled by a seven-headed hydra (10 damage)
             ... on level 4 of the Swamp.
             The game lasted 01:06:38 (21633 turns).

Mrkan the Warrior (Minotaur Fighter)               Turns: 21633, Time: 01:06:39

Health: -6/150     AC: 25    Str: 24    XL:     16   Next: 33%
Magic:  24/24      EV: 11    Int:  5    God:    Makhleb [******]
Gold:   2327       SH: 26    Dex: 17    Spells: 15/15 levels left

rFire    . . .     SeeInvis .   O - +10 morningstar "Eos" {elec, Halo rElec}
rCold    + . .     Gourm    .   X - +1 large shield
rNeg     . . .     Faith    .   s - +2 shadow dragon scales
rPois    .         Spirit   .   m - +2 hat
rElec    +         Reflect  +   C - scarf {cloud immunity}
rCorr    .         Harm     .   c - +0 pair of gloves {Dex+3}
MR       +....                  r - +2 pair of boots {Fly}
Stlth    +.........             L - +4 amulet of reflection
HPRegen  0.35/turn              D - +5 ring of evasion
MPRegen  0.19/turn              w - ring of protection from cold

@: flying, glowing
A: retaliatory headbutt, horns 2
a: Minor Destruction, Lesser Servant of Makhleb, Major Destruction, Greater
Servant of Makhleb, Renounce Religion, Stop Flying


You were on level 4 of the Swamp.
You worshipped Makhleb.
Makhleb was exalted by your worship.
You were not hungry.

You visited 4 branches of the dungeon, and saw 23 of its levels.
You visited the Abyss 1 time.
You also visited: Ossuary and Bailey.

You collected 3469 gold pieces.
You spent 1142 gold pieces at shops.

Inventory:

Hand Weapons
 e - a +3 demon whip
 O - the +10 morningstar "Eos" (weapon) {elec, Halo rElec}
   (You found it on level 9 of the Dungeon)

   Occasionally, upon striking a foe, it will discharge some electrical energy
   and cause terrible harm.
   It insulates you from electricity.
 R - a +0 broad axe
Armour
 c - a +0 pair of gloves of dexterity (worn)
 m - a +2 hat (worn)
 r - a +2 pair of boots of flying (worn)
 s - +2 shadow dragon scales (worn)
 C - a scarf of cloud immunity (worn)
 X - a +1 large shield (worn)
Jewellery
 w - a ring of protection from cold (right hand)
 D - a +5 ring of evasion (left hand)
 L - a +4 amulet of reflection (around neck)
 M - an uncursed ring of positive energy
 N - a +2 amulet of reflection
Wands
 g - a wand of random effects (39)
 v - a wand of acid (21)
 y - a wand of paralysis (5)
 K - a wand of polymorph (24)
 S - a wand of digging (6)
 U - a wand of clouds (4)
 Z - a wand of iceblast (9)
Scrolls
 h - 8 scrolls of amnesia
 i - 4 scrolls of immolation
 j - 9 scrolls of identify
 k - 10 scrolls of teleportation
 p - 11 scrolls of remove curse
 x - a scroll of torment {unknown}
 B - a scroll of fog
 F - 2 scrolls of summoning
 G - a scroll of noise
 H - 3 scrolls of fear
 P - 3 scrolls of blinking
 Q - 2 scrolls of magic mapping
Potions
 a - 2 potions of resistance
 b - 8 potions of curing
 d - 6 potions of might
 n - 4 potions of haste
 o - 7 potions of brilliance
 q - 7 potions of flight
 t - 3 potions of degeneration
 u - 3 potions of cancellation
 z - a potion of agility
 A - a potion of invisibility
 I - 2 potions of lignification
 J - 2 potions of magic
 V - 2 potions of ambrosia
 Y - a potion of berserk rage
Comestibles
 f - 37 rations
 E - 3 chunks of flesh


   Skills:
 + Level 15.6 Fighting
 - Level 11.5(14.4) Axes
 - Level 14.6(16.0) Maces & Flails
 + Level 14.1 Armour
 - Level 15.0 Shields
 + Level 13.2 Invocations


You had 15 spell levels left.
You didn't know any spells.
Your spell library contained the following spells:

 Spells                   Type           Power        Failure   Level  Hunger
 Confusing Touch          Hex            #.....       100%        1    ##.....
 Infusion                 Chrm           #...         100%        1    ##.....
 Shock                    Conj/Air       #...         100%        1    ##.....
 Sting                    Conj/Pois      #...         100%        1    ##.....
 Poisonous Vapours        Pois/Air       #.....       100%        2    ###....
 Shroud of Golubria       Chrm/Tloc      #.....       100%        2    ###....
 Song of Slaying          Chrm           #.......     100%        2    ###....
 Swiftness                Chrm/Air       #.......     100%        2    ###....
 Confuse                  Hex            #.......     100%        3    ####...
 Gell's Gravitas          Tloc           #.........   100%        3    ####...
 Mephitic Cloud           Conj/Pois/Air  #.......     100%        3    ####...
 Regeneration             Chrm/Necr      #.........   100%        3    ####...
 Spectral Weapon          Hex/Chrm       #.......     100%        3    ####...
 Static Discharge         Conj/Air       #.......     100%        3    ####...
 Airstrike                Air            #.........   100%        4    #####..
 Olgreb's Toxic Radiance  Pois           #.......     100%        4    #####..
 Petrify                  Tmut/Erth      #.......     100%        4    #####..
 Bolt of Magma            Conj/Fire/Erth #.........   100%        5    ######.
 Iskenderun's Battlesphe  Conj/Chrm      #.......     100%        5    ######.
 Lightning Bolt           Conj/Air       #.........   100%        5    ######.
 Metabolic Englaciation   Hex/Ice        #.........   100%        5    ######.
 Venom Bolt               Conj/Pois      #.........   100%        5    ######.
 Yara's Violent Unravell  Hex/Tmut       #.........   100%        5    ######.
 Iron Shot                Conj/Erth      #.........   100%        6    #######
 Orb of Destruction       Conj           #.........   100%        7    #######
 Spellforged Servitor     Conj/Summ      #.........   100%        7    #######


Dungeon Overview and Level Annotations

Branches:
Dungeon (11/15)            Temple (0/1) D:7            Lair (6/6) D:9
  Swamp (4/4) Lair:4        Snake (0/4) Lair:2        Slime (0/5) Lair:5
    Orc (2/2) D:9             Elf (0/3) Orc:2       Ossuary (visited)
 Bailey (visited)

Altars:
Cheibriados
Fedhas
Hepliaklqana
Kikubaaqudgha
Makhleb
Nemelex Xobeh
Wu Jian
The Shining One
Beogh

Shops:
D:10 !   Orc:2 ??[:

Portals:
Pandemonium: Orc:2

Annotations:
D:9 2 transporters, Curus's ghost, journeyman MiMo


Innate Abilities, Weirdness & Mutations

You reflexively headbutt those who attack you in melee.
You have a pair of horns on your head.


Message History

You block the eight-headed hydra's attack.
The eight-headed hydra barely misses you.
The eight-headed hydra bites you but does no damage.
The eight-headed hydra bites you!
* * * LOW HITPOINT WARNING * * *
The eight-headed hydra bites you but does no damage. x2
You block the eight-headed hydra's attack.
Your green death gestures at the seven-headed hydra.
The bolt of poison hits the seven-headed hydra!
You block the hornet's attack.
You block the seven-headed hydra's attack.
The seven-headed hydra bites you.
* * * LOW HITPOINT WARNING * * *
You block the seven-headed hydra's attack.
The seven-headed hydra bites you!
* * * LOW HITPOINT WARNING * * *
The seven-headed hydra bites you!
* * * LOW HITPOINT WARNING * * *
The seven-headed hydra bites you!
You die...

♣♣♣♣♣≈....≈≈y..≈.†....
♣≈...≈♣♣.≈≈≈≈≈≈≈.≈
♣....≈♣♣♣≈♣♣.≈≈≈..
♣♣≈.≈≈.≈♣♣≈≈♣.≈≈...
♣≈≈≈≈§§.♣♣♣♣..≈≈≈≈≈
♣♣♣♣2≈≈..≈♣ ♣♣.≈..≈≈
♣≈..§D≈..≈♣ ♣≈†%....
♣.≈.DD.D≈♣♣ ♣.≈§.).♣
♣≈≈.@y≈≈♣♣♣♣♣♣.≈≈≈...
♣♣.≈≈≈≈÷..†≈≈......^≈
♣♣..≈≈≈≈.≈≈≈≈.♣≈♣♣.≈.
♣...≈≈≈≈≈....♣♣♣♣≈.≈.
♣♣♣♣.≈..§≈≈≈♣♣ ♣...♣
♣♣.≈...≈.♣ ♣...≈
♣♣..≈.♣♣♣♣ ♣♣≈..
♣...♣♣♣ ♣♣♣ ♣≈≈≈♣♣


You could see an eight-headed hydra, 3 seven-headed hydras, a hornet and a
friendly green death.

Vanquished Creatures
  A lich (Abyss:2)
  A thorn hunter (Swamp:1)
  2 tentacled starspawn (Abyss:2)
  An orc warlord (Orc:1)
  Louise (Swamp:1)
  A very ugly thing (Swamp:2)
  2 entropy weavers (Lair:6)
  Snorg (D:9)
  14 hydras
  3 catoblepae (Lair:6)
  A centaur warrior (D:9)
  A shambling mangrove (Swamp:1)
  A two-headed ogre (D:11)
  14 alligators
  7 death yaks (Lair:6)
  A queen ant (Lair:6)
  3 orc high priests (Orc:2)
  2 thrashing horrors (Abyss:2)
  Nergalle (D:9)
  A soul eater (Orc:2)
  A sun demon (Orc:2)
  11 spriggans
  A skeletal warrior (D:8)
  4 hell knights (Abyss:2)
  A large abomination (Abyss:2)
  5 swamp dragons
  2 torturous demonspawn (Orc:2)
  A necromancer (Abyss:2)
  4 orc knights
  An ugly thing (D:11)
  An oklob plant (Lair:1)
  2 manticores (Lair:6)
  6 orc sorcerers
  7 black mambas
  A rust devil (Orc:2)
  4 elephants
  A smoke demon (Abyss:2)
  20 spiny frogs
  9 komodo dragons
  3 ancient zymes (Abyss:2)
  2 rime drakes
  6 trolls
  An ice devil (Orc:2)
  A hellwing (Orc:2)
  3 tyrant leeches
  14 hornets
  3 polar bears
  Grinder (D:3)
  6 bog bodies
  12 blink frogs
  10 slime creatures
  6 dream sheep
  8 hippogriffs
  A ynoxinul (Abyss:2)
  5 shadows
  3 wyverns
  43 yaks
  3 basilisks
  A hungry ghost (D:8)
  13 vampire mosquitoes
  2 chaos spawn
  27 soldier ants
  3 wargs
  27 water moccasins
  10 swamp worms
  12 insubstantial wisps
  7 porcupines
  37 orc warriors
  4 sky beasts
  An eye of draining (D:11)
  3 swamp drakes
  2 phantoms
  2 black bears
  4 ice beasts
  8 starcursed masses (Abyss:2)
  8 ogres
  2 necrophages (D:7)
  8 wolves
  13 crocodiles
  A centaur (D:11)
  4 big kobolds
  An elf zombie (Ossuary)
  A gnoll sergeant (D:10)
  18 bullfrogs
  5 small abominations (Abyss:2)
  A troll zombie (Ossuary)
  A scorpion (D:11)
  7 wights
  7 killer bees
  3 howler monkeys
  3 crimson imps
  A bullfrog zombie (D:7)
  2 jellies
  2 centaur zombies (Ossuary)
  6 hounds
  A human zombie (Ossuary)
  26 orc priests
  2 centaur skeletons
  An iron imp (Abyss:2)
  Jessica (D:3)
  2 iguanas
  Natasha (D:2)
  25 orc wizards
  21 worker ants
  Terence (D:2)
  2 hell rats (Lair:3)
  A big kobold zombie (Ossuary)
  2 ogre zombies (Ossuary)
  A hound zombie (D:10)
  7 mummies (Ossuary)
  Robin (D:2)
  2 worker ant zombies
  20 gnolls
  24 adders
  7 river rats (Lair:3)
  4 shadow imps
  4 oozes
  3 adder zombies
  4 worms
  2 dart slugs (D:1)
  3 leopard geckos
  89 orcs
  6 giant cockroaches
  22 goblins
  17 hobgoblins
  8 jackals
  20 kobolds
  3 quokkas
  3 ball pythons
  15 bats
  3 frilled lizards
  7 goblin zombies (Ossuary)
  A hobgoblin zombie (Ossuary)
  5 kobold zombies (Ossuary)
  5 quokka zombies (Ossuary)
  5 rats
  2 rat zombies (Ossuary)
  2 briar patches (Swamp:1)
  3 plants (Lair:6)
913 creatures vanquished.

Vanquished Creatures (collateral kills)
  2 orc high priests (Orc:2)
  An orc sorcerer (Orc:2)
  2 orc knights (Orc:2)
  2 orc warriors (Orc:2)
  6 orc priests (Orc:2)
  2 orcs (Orc:2)
15 creatures vanquished.

Vanquished Creatures (others)
  Sonja (Orc:1)
  2 centaurs
  16 kobolds (Bailey)
  6 fungi
  6 plants
  6 starspawn tentacles (Abyss:2)
37 creatures vanquished.

Grand Total: 965 creatures vanquished

Notes
Turn   | Place    | Note
-------+----------+-------------------------------------------
     0 | D:1      | Mrkan the Minotaur Fighter began the quest for the Orb.
     0 | D:1      | Reached XP level 1. HP: 19/19 MP: 0/0
    61 | D:1      | Reached XP level 2. HP: 22/27 MP: 1/1
   309 | D:1      | Reached XP level 3. HP: 33/33 MP: 2/2
   749 | D:2      | Found an ancient bone altar of Kikubaaqudgha.
   877 | D:2      | Noticed Robin
   890 | D:2      | Killed Robin
   890 | D:2      | Reached XP level 4. HP: 30/40 MP: 3/3
  1062 | D:2      | Reached XP level 5. HP: 12/47 MP: 4/4
  1584 | D:2      | Noticed Terence
  1590 | D:2      | Killed Terence
  1782 | D:2      | Noticed Natasha
  1787 | D:2      | Killed Natasha
  1864 | D:3      | Reached skill level 5 in Axes
  2059 | D:3      | Noticed Grinder
  2078 | D:3      | Killed Grinder
  2078 | D:3      | Reached skill level 5 in Fighting
  2078 | D:3      | Reached skill level 5 in Armour
  2078 | D:3      | Reached skill level 5 in Shields
  2078 | D:3      | Reached XP level 6. HP: 18/56 MP: 5/5
  2342 | D:3      | Reached XP level 7. HP: 53/61 MP: 6/6
  2343 | D:3      | Found a sparkling altar of Nemelex Xobeh.
  2504 | D:3      | Noticed Jessica
  2506 | D:3      | Killed Jessica
  3802 | D:5      | Entered Level 5 of the Dungeon
  4886 | D:6      | Reached XP level 8. HP: 70/70 MP: 7/7
  5761 | D:7      | Found a sand-covered staircase.
  5783 | Ossuary  | Entered an ossuary
  6008 | Ossuary  | Reached XP level 9. HP: 62/79 MP: 8/8
  6241 | D:7      | Found a staircase to the Ecumenical Temple.
  6377 | D:7      | Found a hazy altar of Hepliaklqana.
  6377 | D:7      | Found a burning altar of Makhleb.
  6378 | D:7      | Found a snail-covered altar of Cheibriados.
  6390 | D:7      | Reached skill level 10 in Axes
  6403 | D:7      | Became a worshipper of Makhleb the Destroyer
  6428 | D:7      | Found a blossoming altar of Fedhas.
  6450 | D:7      | Reached skill level 1 in Invocations
  7070 | D:8      | Reached * piety under Makhleb
  7315 | D:8      | Found an ornate altar of the Wu Jian Council.
  7397 | D:8      | Reached XP level 10. HP: 45/90 MP: 12/12
  7443 | D:8      | Noticed a three-headed hydra
  7451 | D:8      | Killed a one-headed hydra
  7451 | D:8      | Reached skill level 5 in Invocations
  7809 | D:8      | Found a glowing golden altar of the Shining One.
  7973 | D:9      | Found a transporter.
  7976 | D:9      | Found a transporter.
  7976 | D:9      | Noticed Curus's ghost (journeyman MiMo)
  8053 | D:9      | Noticed a skeletal warrior
  8070 | D:9      | Noticed a centaur warrior
  8359 | D:8      | Killed a skeletal warrior
  8506 | D:9      | Noticed a death knight
  8547 | D:9      | Killed a centaur warrior
  8760 | D:9      | Found a staircase to the Lair.
  8876 | D:9      | Found a staircase to the Orcish Mines.
  8896 | D:9      | Found the +10 morningstar "Eos" {elec, Halo rElec}
  8906 | D:9      | Reached ** piety under Makhleb
  8906 | D:9      | Reached XP level 11. HP: 90/99 MP: 15/15
  9064 | D:10     | Entered Level 10 of the Dungeon
  9255 | D:10     | Reached skill level 1 in Maces & Flails
  9439 | D:10     | Reached skill level 10 in Shields
  9470 | D:10     | Reached skill level 10 in Fighting
  9542 | D:10     | Found a flagged portal.
  9560 | Bailey   | Entered a bailey
  9644 | Bailey   | Reached *** piety under Makhleb
  9663 | Bailey   | Found the +9 staff of Olgreb {rPois}
  9753 | D:10     | Found Koficwam's Distillery.
  9756 | D:10     | Bought a potion of heal wounds for 85 gold pieces
  9756 | D:10     | Bought a potion of curing for 51 gold pieces
  9756 | D:10     | Bought a potion of curing for 51 gold pieces
  9756 | D:10     | Bought a potion of might for 68 gold pieces
  9756 | D:10     | Bought a potion of might for 68 gold pieces
  9890 | D:11     | Noticed a two-headed ogre
  9894 | D:11     | Killed a two-headed ogre
  9966 | D:11     | Noticed a green ugly thing
  9974 | D:11     | Killed a green ugly thing
 10249 | D:11     | Reached **** piety under Makhleb
 10623 | Lair:1   | Entered Level 1 of the Lair of Beasts
 10623 | Lair:1   | Noticed an oklob plant
 10656 | Lair:1   | Noticed a six-headed hydra
 10662 | Lair:1   | Killed a six-headed hydra
 10695 | Lair:1   | Reached skill level 5 in Maces & Flails
 10787 | Lair:1   | Noticed a six-headed hydra
 10795 | Lair:1   | Killed a six-headed hydra
 10853 | Lair:1   | Reached XP level 12. HP: 105/110 MP: 17/17
 11463 | Lair:2   | Found a staircase to the Snake Pit.
 11487 | Lair:1   | HP: 4/110 [black mamba (4)]
 12047 | Lair:2   | Lost intelligence.
 12424 | Lair:2   | Noticed a seven-headed hydra
 12433 | Lair:2   | Killed a seven-headed hydra
 13045 | Lair:3   | Noticed a four-headed hydra
 13052 | Lair:3   | Killed a four-headed hydra
 13164 | Lair:3   | Reached ***** piety under Makhleb
 13549 | Lair:4   | Reached XP level 13. HP: 118/118 MP: 19/19
 13557 | Lair:4   | Reached skill level 10 in Invocations
 13661 | Lair:4   | Found a staircase to the Swamp.
 13996 | Lair:4   | Reached skill level 10 in Maces & Flails
 14092 | Lair:5   | Reached skill level 10 in Armour
 14237 | Lair:5   | Found a staircase to the Slime Pits.
 14893 | Lair:6   | Entered Level 6 of the Lair of Beasts
 15205 | Lair:6   | Noticed an entropy weaver
 15219 | Lair:6   | Killed an entropy weaver
 15494 | Lair:6   | Reached ****** piety under Makhleb
 15757 | Lair:6   | Reached XP level 14. HP: 129/129 MP: 21/21
 16195 | Lair:6   | Noticed an entropy weaver
 16203 | Lair:6   | Killed an entropy weaver
 17146 | Orc:1    | Entered Level 1 of the Orcish Mines
 17148 | Orc:1    | Noticed Nergalle
 17149 | Orc:1    | Noticed Snorg
 17308 | D:9      | Killed Snorg
 17328 | Orc:1    | Noticed Sonja
 17341 | D:9      | Killed Nergalle
 17378 | Orc:1    | Killed Sonja
 17546 | Orc:1    | Paralysed by an orc sorcerer for 3 turns
 17805 | Orc:2    | Entered Level 2 of the Orcish Mines
 17818 | Orc:2    | Noticed an orc warlord
 17846 | Orc:1    | Killed an orc warlord
 17900 | Orc:2    | Found a staircase to the Elven Halls.
 17911 | Orc:2    | Found a roughly hewn altar of Beogh.
 18117 | Orc:2    | Found Pulia's Magic Scroll Emporium.
 18118 | Orc:2    | Found Ithoc's Magic Scroll Shoppe.
 18288 | Orc:2    | Reached XP level 15. HP: 137/137 MP: 22/22
 18296 | Orc:2    | Found Gishretyx's Book Boutique.
 18296 | Orc:2    | Found Xotoboogh's Antique Armour Shop.
 18297 | Orc:2    | Found a one-way gate leading to the halls of Pandemonium.
 18386 | Orc:2    | Bought a scroll of enchant weapon for 105 gold pieces
 18397 | Orc:2    | Bought a scroll of enchant armour for 90 gold pieces
 18397 | Orc:2    | Bought a scroll of acquirement for 624 gold pieces
 18846 | Lair:1   | You are sucked into a shaft and drop 1 floor!
 18997 | Swamp:1  | Entered Level 1 of the Swamp
 19634 | Swamp:1  | Noticed Louise
 19643 | Swamp:1  | Cast into level 2 of the Abyss (Louise)
 19745 | Abyss:2  | Noticed a tentacled starspawn
 19758 | Abyss:2  | Killed a tentacled starspawn
 19839 | Abyss:2  | Noticed a lich
 19844 | Abyss:2  | Noticed a Tzitzimitl
 19844 | Abyss:2  | Killed a lich
 19875 | Abyss:2  | Paralysed by accursed screaming for 1 turns
 19882 | Abyss:2  | Paralysed by accursed screaming for 1 turns
 19974 | Abyss:2  | Noticed a tentacled starspawn
 19978 | Abyss:2  | Killed a tentacled starspawn
 20020 | Swamp:1  | Escaped the Abyss
 20047 | Swamp:1  | Killed Louise
 20083 | Swamp:1  | Noticed a thorn hunter
 20095 | Swamp:1  | Killed a thorn hunter
 20405 | Swamp:2  | Reached skill level 15 in Fighting
 20451 | Swamp:2  | Reached skill level 15 in Shields
 20451 | Swamp:2  | Reached XP level 16. HP: 146/149 MP: 24/24
 21480 | Swamp:4  | Entered Level 4 of the Swamp
 21633 | Swamp:4  | HP: 4/150 [seven-headed hydra (7)]
 21633 | Swamp:4  | Mangled by a seven-headed hydra

Levels and vault maps discovered:
D:1:      lightli_arrival_boilingwater, layout_basic, st_stairs_7,
          minmay_tromino_v4_b
D:2:      layout_basic, kiku_gazebo_pond_becter, cheibrodos_gnoll_hut,
          uniq_natasha, uniq_terence, uniq_robin
D:3:      layout_loops_cross, first_ration, lemuel_statue_altar, uniq_grinder,
          uniq_jessica
D:4:      layout_cave_pods
D:5:      layout_basic
D:6:      layout_loops_ring
D:7:      layout_basic, gammafunk_temple_overflow_claw, temple_doors_e,
          nicolae_ossuary_entry_ruins, basic_altar
D:8:      layout_rooms, kennysheep_little_box, old_standard_altar,
          hangedman_ranch [blue_anna_fruit_fields]
D:9:      minmay_cut_squares, layout_irregular_city, lair_entry_dummy,
          gammafunk_ghost_mausoleum
D:10:     layout_basic, enter_bailey_2, serial_shops, shop_statue
D:11:     layout_small_grid
Lair:1:   layout_chaotic_city, dpeg_stationary_puzzle
Lair:2:   layout_long_grid, minmay_snake_entry_six_corridors,
          minmay_shattered_shrine, lemuel_fruit_tree, serial_bayou_shore_a
Lair:3:   layout_concentric_octagons, kennysheep_rathole
Lair:4:   layout_roguey, swamp_mist, st_stairs_10, grunt_megastairs_2
Lair:5:   layout_loops_ring, minmay_slime_entry_pillars, grunt_megastairs_4,
          serial_bayou_shore_b
Lair:6:   evilmike_catoblepas_cave, layout_hall_layers, minivault_29,
          infiniplex_staircase_pool_2, serial_bayou_shore_b
Swamp:1:  layout_basic_swamp, nicolae_swamp_fairy_circle, uniq_louise
Swamp:2:  layout_basic_swamp, serial_swamp_ruin, evilmike_swamp_ruin_rubble_2,
          evilmike_swamp_ruin_wall, hangedman_swamp_ruin_wall
Swamp:3:  layout_falls_marsh, evilmike_swamp_ruin_house_4,
          hangedman_swamp_lotus, swamp_pool2, infiniplex_staircase_pool
Swamp:4:  swamp, layout_basic_swamp, uniq_nikola
Orc:1:    layout_diamond_mine, uniq_sonja, uniq_snorg, uniq_nergalle
Orc:2:    pf_orc_diabolical, layout_caves, basic_altar

Skill      XL: |  1  2  3  4  5  6  7  8  9 10 11 12 13 14 15 16 |
---------------+-------------------------------------------------+-----
Axes           | 3 4 5 6 7 9 10 11 | 11.5
Fighting       | 4 5 6 7 8 9 11 12 13 15 | 15.6
Shields        | 4 5 6 7 8 9 11 12 13 15 | 15.0
Armour         | 4 5 6 7 8 9 10 12 13 14 | 14.1
Invocations    | 4 7 9 10 11 12 13 | 13.2
Maces & Flails | 6 9 12 14 | 14.6

Action                   |  1- 3 |  4- 6 |  7- 9 | 10-12 | 13-15 | 16-18 || total
-------------------------+-------+-------+-------+-------+-------+-------++-------
Melee: War axe           |    89 |   126 |   491 |    17 |       |       ||   723
       Headbutt          |    16 |    21 |   103 |    96 |   205 |    40 ||   481
       Hand axe          |       |       |       |   131 |       |       ||   131
       Morningstar       |       |       |       |   386 |  1057 |   150 ||  1593
Invok: Greater Servant o |       |       |       |       |     1 |     1 ||     2
  Use: Potion            |       |       |     1 |     6 |     1 |     3 ||    11
       Scroll            |       |       |    10 |     1 |    22 |       ||    33
 Stab: Sleeping          |       |       |    20 |     2 |       |       ||    22
       Distracted        |       |       |       |       |     3 |       ||     3
  Eat: Chunk             |       |     4 |    21 |    20 |    13 |     3 ||    61
       Ration            |       |       |       |       |     3 |     1 ||     4
Armor: Scale mail        |    54 |    50 |       |       |       |       ||   104
       Shadow dragon sca |       |       |   268 |   260 |   386 |   138 ||  1052
Dodge: Dodged            |    39 |    39 |    96 |   105 |   218 |    72 ||   569
Block: Shield            |    68 |    73 |   290 |   327 |       |       ||   758
       Reflection        |       |       |       |    87 |    29 |     3 ||   119
       Large shield      |       |       |       |   258 |  1308 |   274 ||  1840
